 Dungeon Crawl Stone Soup version 0.30-a0-219-gf2db51d15e (webtiles) character file.

Game seed: 3440075562254514638

956 Decritt the Sneak (level 7, -1/35 HPs)
             Began as a Spriggan Enchanter on Oct 7, 2022.
             Engulfed by a steam dragon's steam (14 damage)
             ... on level 5 of the Dungeon.
             The game lasted 00:10:03 (5070 turns).

Decritt the Sneak (Spriggan Enchanter)              Turns: 5070, Time: 00:10:04

Health: -1/35      AC:  4    Str:  4    XL:     7   Next: 91%
Magic:  15/15      EV: 21    Int: 17    God:
Gold:   153        SH:  0    Dex: 23    Spells: 8/16 levels left

rFire   . . .      SeeInvis +    k - +2 dagger (flame)
rCold   . . .      Faith    .    (no shield)
rNeg    . . .      Spirit   .    b - +0 robe
rPois   .          Reflect  .    (helmet restricted)
rElec   .          Harm     .    A - +1 cloak
rCorr   .          Rampage  .    (gloves unavailable)
Will    +....                    (boots unavailable)
Stlth   ++++......               (no amulet)
HPRegen 0.25/turn                o - +6 ring of dexterity
MPRegen 0.14/turn                (no ring)

@: very quick
A: very small, no large weapons, unfitting armour, see invisible, speed 3
a: no special abilities


You were on level 5 of the Dungeon.
You visited 2 branches of the dungeon, and saw 6 of its levels.

You collected 153 gold pieces.

Inventory:

Hand Weapons
 a - a +1 dagger
 g - a +0 dagger of venom
 k - a +2 dagger of flaming (weapon)
 q - a +0 sling
 y - a +2 short sword of flaming
Missiles
 s - a throwing net (quivered)
Armour
 b - a +0 robe (worn)
 A - a +1 cloak (worn)
Jewellery
 o - a +6 ring of dexterity (left hand)
 u - a ring of positive energy
 z - an amulet of faith
Scrolls
 d - 3 scrolls of poison
 f - 2 scrolls of teleportation
 h - 2 scrolls of enchant armour
 v - a scroll of butterflies
Potions
 c - 2 potions of invisibility
 e - 2 potions of mutation {unknown}
 i - a potion of lignification {unknown}
 j - a potion of berserk rage {unknown}
 l - 2 potions of heal wounds
 m - a potion of cancellation {unknown}
 n - 2 potions of attraction
 p - 4 potions of curing
 t - 2 potions of haste
 w - a potion of might {unknown}
 x - a potion of degeneration {unknown}


   Skills:
 + Level 2.9 Fighting
 + Level 4.0 Short Blades
 + Level 5.5 Dodging
 + Level 7.3 Stealth
 + Level 5.1 Spellcasting
 + Level 5.6 Hexes


You had 8 spell levels left.
You knew the following spells:

 Your Spells              Type           Power      Damage    Failure   Level
a - Confusing Touch       Hex            23%        N/A       4%          3
b - Tukima's Dance        Hex            23%        N/A       4%          3
c - Ensorcelled Hibernat  Hex/Ice        26%        N/A       7%          2

Your spell library contained the following spells:

 Spells                   Type           Power      Damage    Failure   Level
 Dazzling Flash           Conj/Hex       26%        N/A       13%         3
 Inner Flame              Hex/Fire       13%        N/A       13%         3
 Vhi's Electric Charge    Tloc/Air       8%         N/A       38%         3
 Flame Wave               Conj/Fire      4%         2d5       80%         4
 Sticky Flame             Conj/Fire      4%         2d3       80%         4
 Arcjolt                  Conj/Air       2%         1d12      98%         5
 Maxwell's Capacitive Co  Air            2%         ∞         100%        8


Dungeon Overview and Level Annotations

Branches:
Dungeon (5/15)             Temple (1/1) D:5

Altars:
Ashenzari
Cheibriados
Elyvilon
Fedhas
Gozag
Hepliaklqana
Makhleb
Nemelex Xobeh
Okawaru
Qazlal
Ru
Sif Muna
Trog
Uskayaw
Vehumet
Xom
Yredelemnul
Zin
The Shining One

Shops:
D:1 [

Annotations:
D:3 1 transporter


Innate Abilities, Weirdness & Mutations

You are very small and have problems with some larger weapons.
You are too small for most types of armour.
You have supernaturally acute eyesight. (SInv)
You cover ground extremely quickly. (Speed+++)


Message History

You closely miss the gnoll.
The gnoll is moderately wounded.
The gnoll closely misses you.
You hit the gnoll but do no damage.
The gnoll is moderately wounded.
The gnoll barely misses you.
You hit the gnoll. You burn the gnoll.
The gnoll is heavily wounded.
The gnoll closely misses you.
You hit the gnoll. You burn the gnoll.
The gnoll is severely wounded.
You hit the gnoll but do no damage.
The gnoll is severely wounded.
The gnoll hits you but does no damage.
A gnoll is nearby!
You closely miss the gnoll.
The gnoll is severely wounded.
The gnoll barely misses you.
You hit the gnoll but do no damage.
The gnoll is severely wounded.
The gnoll hits you.
You hit the gnoll. You burn the gnoll.
The gnoll is almost dead.
The gnoll barely misses you.
You hit the gnoll but do no damage.
The gnoll is almost dead.
You hit the gnoll. You burn the gnoll.
You kill the gnoll!
You start resting.
Magic restored.
You start resting.
HP restored.
You climb downwards.
The steam dragon breathes steam at you. The ball of steam hits you!!
Ouch! That really hurt!
* * * LOW HITPOINT WARNING * * *
There is a stone staircase leading up here.
You are engulfed in a cloud of scalding steam.
You die...

##...'~~≈~~#.......# ###########
##...#.....#.#.##.###########....
##...#######......# #.......#.##.
###...#######...### #.......#.#..
..........##..#...###.......#.#.#
.............###..##........#.#..
...(..g...##g.#...##........#.##.
###.D.######.D§.#...........#....
#...# #....§@.##........####.
#...# #..#..)§##.##.########.
#...# #..........##.##.......
##g## #.###...#####.##.####.| #.#
#.............##.####.. ...
#####.##########.#..... .#.#
#..>...#####.#.##.# #.#.#
######.>.......##.# # ...
#######......#


You could see a steam dragon (catching breath) and a gnoll.

Vanquished Creatures
  Eustachio (D:5)
  3 black bears (D:5)
  2 ogres (D:5)
  A scorpion (D:5)
  A necrophage (D:4)
  A hound (D:4)
  2 orc wizards (D:4)
  2 gnolls
  4 adders
  An ufetubus (D:5)
  2 worms
  The ghost of anet the Covert, a weakling GnDe (D:5)
  7 dart slugs
  6 orcs (D:4)
  5 ball pythons
  An endoplasm (D:2)
  3 giant cockroaches
  9 goblins
  4 hobgoblins
  12 jackals
  5 kobolds
  3 quokkas
  3 frilled lizards
  5 rats
84 creatures vanquished.

Vanquished Creatures (collateral kills)
  A gnoll (D:5)
1 creature vanquished.

Vanquished Creatures (others)
  2 dancing weapons (D:5)
2 creatures vanquished.

Grand Total: 87 creatures vanquished

Notes
Turn   | Place    | Note
-------+----------+-------------------------------------------
     0 | D:1      | Decritt the Spriggan Enchanter began the quest for the Orb.
     0 | D:1      | Reached XP level 1. HP: 9/9 MP: 5/5
   396 | D:1      | Reached XP level 2. HP: 13/13 MP: 6/6
   982 | D:1      | Found Mopp's Armour Emporium.
  1184 | D:2      | Found a faded altar of an unknown god.
  1319 | D:2      | Reached XP level 3. HP: 17/17 MP: 8/8
  1956 | D:3      | Reached skill level 5 in Stealth
  2115 | D:3      | Found a glowing silver altar of Zin.
  2115 | D:3      | Noticed an angel
  2201 | D:3      | Found a sparkling altar of Nemelex Xobeh.
  2201 | D:3      | Found a transporter.
  2203 | D:3      | Noticed an ice beast
  2265 | D:3      | Reached skill level 1 in Fighting
  2340 | D:3      | Reached XP level 4. HP: 22/22 MP: 9/9
  2347 | D:3      | You fall into a shaft and drop 1 floor!
  2361 | D:4      | Found an iron altar of Okawaru.
  3609 | D:4      | Found a burning altar of Makhleb.
  3614 | D:4      | Reached XP level 5. HP: 25/25 MP: 11/11
  3907 | D:5      | Entered Level 5 of the Dungeon
  3907 | D:5      | Noticed an ogre
  3909 | D:5      | Killed an ogre
  3910 | D:5      | Reached XP level 6. HP: 30/30 MP: 11/13
  3981 | D:5      | Found a staircase to the Ecumenical Temple.
  4004 | Temple   | Entered the Ecumenical Temple
  4090 | D:5      | Reached skill level 6 in Stealth
  4115 | D:5      | Reached skill level 5 in Hexes
  4181 | D:5      | Noticed Eustachio
  4183 | D:5      | Killed Eustachio
  4184 | D:5      | Reached XP level 7. HP: 35/35 MP: 14/14
  4205 | D:5      | Reached skill level 5 in Dodging
  4209 | D:5      | Learned a level 3 spell: Confusing Touch
  4213 | D:5      | Learned a level 3 spell: Tukima's Dance
  4216 | D:5      | Learned a level 2 spell: Ensorcelled Hibernation
  4296 | D:5      | Found a runed translucent door.
  4299 | D:5      | Noticed anet's ghost (weakling GnDe)
  4314 | D:5      | Killed anet's ghost
  4374 | D:5      | Reached skill level 7 in Stealth
  4670 | D:5      | Noticed a steam dragon
  4928 | D:5      | Reached skill level 5 in Spellcasting
  5070 | D:5      | Engulfed by a steam dragon's steam

Illustrated notes

Levels and vault maps discovered:
D:1:      sevenhm_arrival_forest_fort_large_2, layout_loops_corners,
          serial_shops, nicolae_shop_temple_entry_statues_fountains,
          minmay_ruptured
D:2:      layout_basic, chequers_ecumenical_altar_simple
D:3:      layout_rooms, zin_angel, grunt_nemelex_the_gamble, minivault_19
D:4:      layout_basic, makhleb_heckhound_becter, okawaru_gym_becter
D:5:      layout_loops_cross, minmay_temple_entry_overgrown,
          ebering_ghost_reflecting_pool, uniq_eustachio
Temple:   eino_wide_crystal_templ

Skill      XL: |  1  2  3  4  5  6  7 |
---------------+----------------------+-----
Dodging        | 3 4 5 |  5.5
Spellcasting   | 3 4 5 |  5.1
Hexes          | 4 5 |  5.6
Stealth        | 5 6 7 |  7.3
Fighting       | 1 2 |  2.9
Short Blades   | 2 3 4 |  4.0

Action                   |  1- 3 |  4- 6 |  7- 9 || total
-------------------------+-------+-------+-------++-------
Melee: Dagger            |   114 |    78 |    65 ||   257
       Punch             |     1 |     1 |       ||     2
       Short sword       |       |    26 |       ||    26
 Cast: Tukima's Dance    |       |       |     4 ||     4
       Confusing Touch   |       |       |     1 ||     1
  Use: Scroll            |       |    11 |     1 ||    12
 Stab: Sleeping          |    13 |     5 |     2 ||    20
       Distracted        |     1 |     1 |       ||     2
       Confused          |       |       |     1 ||     1
Armor: Robe              |    14 |    11 |     3 ||    28
Dodge: Dodged            |    86 |    65 |    68 ||   219

Table legend: (Time is in decaauts)
 A = Elapsed time spent in this place.
 B = Non-inter-level travel time spent in this place.
 C = Inter-level travel time spent in this place.
 D = Time resting spent in this place.
 E = Time spent auto-exploring this place.
 F = Levels seen in this place.
 G = Mean time per level.
                   A        B        C        D        E       F      G
               +--------+--------+--------+--------+--------+-----+--------+
         Total |   3535 |   3430 |    105 |    482 |   2240 |   6 |  589.2 |
       Dungeon |   3490 |   3399 |     91 |    482 |   2216 |   5 |  698.0 |
        Temple |     44 |     31 |     13 |      0 |     24 |   1 |   44.0 |
               +--------+--------+--------+--------+--------+-----+--------+

Top non-repeatable levels by time:
     D:4: 1178 daAuts
     D:1: 788 daAuts
     D:5: 585 daAuts
     D:2: 504 daAuts
     D:3: 434 daAuts
  Temple: 44 daAuts
